 Dungeon Crawl Stone Soup version 0.18.1-48-g4cf74bf (webtiles) character file.

30 RickumRackum the Shooter (level 3, 29/29 HPs)
             Began as a Centaur Hunter on Aug 26, 2016.
             Quit the game on level 1 of the Dungeon on Aug 27, 2016.
             The game lasted 00:09:45 (1061 turns).

RickumRackum the Shooter (Centaur Hunter)           Turns: 1061, Time: 00:09:45

Health: 29/29      AC:  5    Str: 14    XL:     3   Next: 3%
Magic:  3/3        EV: 14    Int: 10    God:
Gold:   68         SH:  0    Dex: 15    Spells: 0 memorised, 2 levels left

rFire  . . .     SeeInvis .     a - +1 shortbow
rCold  . . .     Gourm    .     c - +0 leather armour
rNeg   . . .     Faith    .     (shield currently unavailable)
rPois  .         Spirit   .     (no helmet)
rElec  .         Dismiss  .     e - +0 cloak
rCorr  .         Reflect  .     (no gloves)
SustAt .         Harm     .     (no barding)
MR     .....                    (no amulet)
Stlth  ++........               (no ring)
                                (no ring)

@: agile, very quick, not resistant to hostile enchantments, unstealthy
A: hooves 3, deformed body, speed 2, tough skin 3
a: no special abilities


You were on level 1 of the Dungeon.
You were not hungry.

You visited 1 branch of the dungeon, and saw 1 of its levels.

You collected 68 gold pieces.

Inventory:

Hand Weapons
 a - a +1 shortbow (weapon)
 b - a +0 short sword
 j - a +0 club
 o - a +0 hunting sling
Missiles
 d - 40 arrows (quivered)
 h - 38 stones
 k - 6 javelins of returning
Armour
 c - a +0 leather armour (worn)
 e - a +0 cloak (worn)
Jewellery
 l - an uncursed amulet of harm {unknown}
 n - an uncursed amulet of magic regeneration {unknown}
Comestibles
 f - a bread ration


   Skills:
 + Level 2.0 Fighting
 * Level 6.6 Bows
 + Level 1.3 Dodging
 - Level 0.5 Stealth


You had 2 spell levels left.
You didn't know any spells.

Dungeon Overview and Level Annotations

Branches:
Dungeon (1/15)

Altars:


Innate Abilities, Weirdness & Mutations

You have hooves in place of feet.
Armour fits poorly on your strangely shaped body.
You cover ground very quickly.
You have extremely tough skin (AC +3).


Message History

d - 38 arrows (gained 1)
d - 39 arrows (gained 1)
d - 40 arrows (gained 1)
There is an open door here.
Done exploring.
There is a stone staircase leading down here.
Read which item? (? for menu, Esc to quit)
As you read the scroll labeled ISINTY ASEN, it crumbles to dust.
You feel strangely unstable.
It was a scroll of teleportation.
Drink which item? (? for menu, Esc to quit)
It was a potion of agility.
You feel agile all of a sudden.
Your surroundings suddenly seem different.
There is an open door here.
There is an open door here.
There is a stone staircase leading down here.
Saving game... please wait.
Welcome back, RickumRackum the Centaur Hunter.
Press ? for a list of commands and other information.
Are you sure you want to abandon this character and quit the game? (Confirm with "yes".)

#####.####.#...[##...#...........
................+................
......####.#....##.......###.....
.#########.#.#####.#...####......
...........#.......'...+..'......
#.........#####....#...####......
#..<......#...#....#...# #######
#.........'###'....#)..#
..####'##### ##.@..#############
..#####.# #....# #.........#
..#...'## ########.# #.........#
..#...## #........###.........#
#.#..)# #....................#
#.#...# #.............########
..#...#####.............#
.........####...........#######
.#.#####.## #.#####...........#


There were no monsters in sight!

Vanquished Creatures
  A dart slug (D:1)
  3 bats (D:1)
  3 giant cockroaches (D:1)
  A goblin (D:1)
  7 hobgoblins (D:1)
  4 kobolds (D:1)
  A ball python (D:1)
  2 giant newts (D:1)
  3 rats (D:1)
25 creatures vanquished.

Notes
Turn   | Place    | Note
--------------------------------------------------------------
     0 | D:1      | RickumRackum the Centaur Hunter began the quest for the Orb.
     0 | D:1      | Reached XP level 1. HP: 17/17 MP: 1/1
   116 | D:1      | Reached XP level 2. HP: 24/24 MP: 2/2
   151 | D:1      | Reached skill level 6 in Bows
   844 | D:1      | Reached XP level 3. HP: 23/29 MP: 3/3
  1061 | D:1      | Quit the game

Skill      XL: |  1  2 |
---------------+-------+-----
Bows           | 6 |  6.6
Fighting       | |  2.0
Dodging        | |  1.3
Stealth        | |  0.5

Action                   || total
-------------------------++-------
 Fire: Shortbow          ||    92
  Use: Scroll            ||     2
       Potion            ||     2
Armor: Leather armour    ||    14
Dodge: Dodged            ||    19
